 Dungeon Crawl Stone Soup version 0.22-a0-542-gce4f928 (webtiles) character file.

5 Amnesiac the Sneak (level 1, 10/11 HPs)
             Began as a Spriggan Wanderer on June 25, 2018.
             Quit the game on level 1 of the Dungeon.
             The game lasted 00:00:36 (27 turns).

Amnesiac the Sneak (Spriggan Wanderer)                Turns: 27, Time: 00:00:38

Health: 10/11      AC:  2    Str:  9    XL:     1   Next: 66%
Magic:  3/3        EV: 17    Int: 11    God:
Gold:   0          SH:  0    Dex: 13    Spells: 0/0 levels left

rFire    + . .     SeeInvis +   a - +2 dagger
rCold    x . .     Gourm    .   (shield restricted)
rNeg     . . .     Faith    .   d - +0 robe
rPois    .         Spirit   .   (helmet restricted)
rElec    .         Reflect  .   (no cloak)
rCorr    .         Harm     .   (gloves unavailable)
MR       .....                  (boots unavailable)
Stlth    +++.......             (no amulet)
HPRegen  0.03/turn              e - ring of fire
MPRegen  0.08/turn              g - -3 ring of intelligence (curse)

@: very quick
A: very small, unfitting armour, see invisible, herbivore, speed 3, slow
metabolism 2
a: no special abilities


You were on level 1 of the Dungeon.
You were not hungry.

You visited 1 branch of the dungeon, and saw 1 of its levels.

Inventory:

Hand Weapons
 a - a +2 dagger (weapon)
 c - a +0 quarterstaff
Armour
 d - a +0 robe (worn)
Jewellery
 e - a ring of fire (left hand)
 g - a cursed -3 ring of intelligence (right hand)
Potions
 b - a potion of haste {!q}
Comestibles
 f - a ration


   Skills:
 + Level 1.7 Fighting
 + Level 1.5 Staves
   Level 1.0 Crossbows
 + Level 1.9 Dodging
 + Level 4.6 Stealth
   Level 1.3 Evocations


You couldn't memorise any spells.
You didn't know any spells.
Your spell library was empty.

Dungeon Overview and Level Annotations

Branches:
Dungeon (1/15)

Altars:


Innate Abilities, Weirdness & Mutations

You are very small and have problems with some larger weapons.
You are too small for most types of armour.
You have supernaturally acute eyesight. (SInv)
You are a herbivore.
You cover ground extremely quickly.
You need to consume almost no food.


Message History

g - a twisted golden ring The bat completely misses you.
Put on which piece of jewellery? (? for menu, Esc to quit)
You feel more attuned to fire.
e - a ring of fire (left hand) Put on which piece of jewellery? (? for menu, Esc to quit)
You feel stupid.
Oops, that ring feels deathly cold.
g - a cursed -3 ring of intelligence (right hand)
The bat hits you but does no damage. The giant cockroach bites you.
You hit the giant cockroach.
The giant cockroach is moderately wounded.
The bat hits you but does no damage. The giant cockroach misses you.
You barely miss the giant cockroach.
The giant cockroach is moderately wounded.
The bat misses you. The giant cockroach closely misses you.
You hit the giant cockroach.
You kill the giant cockroach!
The bat hits you but does no damage.
You hit the dart slug.
The dart slug is lightly wounded.
The bat hits you but does no damage.
You hit the dart slug.
The dart slug is heavily wounded.
The bat barely misses you. The dart slug completely misses you.
You hit the dart slug.
The dart slug is almost dead.
The bat closely misses you. The dart slug launches a dart at you.
The slug dart misses you.
You hit the dart slug.
You kill the dart slug!
The bat closely misses you. The bat barely misses you.
The bat closely misses you.
You closely miss the bat. The bat closely misses you.
You miss the bat. The bat barely misses you. The bat misses you.
You hit the bat.
The bat is heavily wounded.
The bat barely misses you.
You hit the bat but do no damage.
The bat is heavily wounded.
The bat hits you but does no damage.
You hit the bat.
The bat is severely wounded.
The bat closely misses you.
You hit the bat.
You kill the bat!
No target in view!
No target in view!
No target in view!
No target in view!
No target in view!
No target in view!
No target in view!
No target in view!
No target in view!
You aren't carrying any scrolls.
Unknown command.
Wield which item (- for none, * to show all)? (? for menu, Esc to quit)
Okay, then.
Quiver which item? (- for none, * to show all) (? for menu, Esc to quit)
Okay, then.
Are you sure you want to abandon this character and quit the game? (Confirm with "yes".)

#
####.##########
.......@....$.#
..............#
..#######.##..#
#........#..#
#......?....#
#........#..#
#...<....#..#
#........# .#
#...........# .


There were no monsters in sight!

Vanquished Creatures
  A dart slug (D:1)
  A bat (D:1)
  A giant cockroach (D:1)
3 creatures vanquished.

Notes
Turn   | Place    | Note
-------+----------+-------------------------------------------
     0 | D:1      | Amnesiac the Spriggan Wanderer began the quest for the Orb.
     0 | D:1      | Amnesiac set off with: a +2 dagger, a potion of haste {!q}, a +0 quarterstaff, a +0 robe, a ration
     0 | D:1      | Reached XP level 1. HP: 10/10 MP: 3/3
    27 | D:1      | Quit the game

Vault maps used:
D:1:      lemuel_arrival_room, grunt_decor_one_mirror

Action                   || total
-------------------------++-------
Melee: Dagger            ||    13
Armor: Robe              ||     6
Dodge: Dodged            ||    17

Table legend:
 A = Spawn XP
 B = Non-spawn XP
 C = Spawn XP percentage of total XP
 D = Spawn monster count
 E = Non-spawn monster count
 F = Spawn count percentage of total count
 G = Total turns spent on level
                    A         B        C        D         E        F      G
               +---------+---------+-------+---------+---------+-------+---------
         Total |       0 |       8 |   0.0 |       0 |       3 |   0.0 |    27
               +---------+---------+-------+---------+---------+-------+---------
           D:1 |       0 |       8 |   0.0 |       0 |       3 |   0.0 |    27
               +---------+---------+-------+---------+---------+-------+---------
